Map: Orbital Shipyard

Players

Yestaril

  • Race: Zerg Zerg

CMStormPolt (Polt) - Winner!

  • Race: Terran Terran
  • League: Master

VOD

Have the link to the VOD?

Description

Time

  • Played on: Jan. 22, 2016, 8:10 p.m.
  • Length: 9:05
Show
View Real Time Build Order
Export as new Build Order

Yestaril Zerg 

Build Orders: Hatch First 

Get SALT Encoding   

  12  0:02  Drone  
  13  0:13  Overlord  
  13  0:17  Drone  
  14  0:23  Drone, Extractor  
  15  0:32  Drone  
  16  0:36  Drone  
  17  0:52  Hatchery  
  17  0:56  Drone  
  17  1:09  Spawning Pool  
  16  1:11  Drone  
  16  1:15  Drone  
  16  1:18  Extractor  
  17  1:20  Drone  
  18  1:28  Drone  
  19  1:39  Drone  
  20  1:51  Overlord  
  20  1:57  Queen  
  22  2:04  Queen  
  22  2:05  Zergling x4  
  26  2:12  Drone  
  26  2:15  Drone  
  28  2:18  Metabolic Boost  
  28  2:28  Drone x2  
  30  2:33  Drone  
  31  2:39  Queen  
  34  2:44  Drone  
  34  2:45  Overlord  
  34  3:02  Drone x2  
  35  3:06  Drone  
  35  3:08  Zergling x6  
  38  3:26  Drone  
  38  3:29  Overlord x4  
  38  3:32  Extractor x2  
  34  3:52  Drone x3  
  34  3:54  Drone  
  34  3:55  Drone x2  
  40  3:56  Drone  
  40  4:01  Drone x2  
  43  4:03  Drone  
  43  4:04  Drone  
  43  4:06  Drone  
  46  4:12  Drone x3  
  49  4:17  Hatchery  
  49  4:19  Lair, Drone x2  
  50  4:25  Drone  
  50  4:27  Extractor  
  50  4:40  Overlord x2, Drone x3  
  50  4:45  Roach Warren  
  52  4:47  Evolution Chamber  
  52  4:48  Evolution Chamber  
  52  4:50  Zergling x8  
  54  4:54  Zergling x2  
  54  4:59  Zergling x2  
  57  5:00  Zergling x2  
  57  5:04  Zergling x4  
  59  5:15  Zergling x4  
  61  5:34  Queen  
  63  5:36  Drone x2  
  63  5:37  Zerg Ground Armor Level 1  
  63  5:38  Drone  
  63  5:40  Drone x2  
  65  5:46  Drone  
  64  5:53  Drone x4  
  64  5:54  Drone  
  69  5:58  Drone  
  69  5:59  Drone x2  
  70  6:04  Overlord, Spire  
  70  6:06  Glial Reconstitution  
  70  6:10  Drone x5  
  70  6:11  Drone x3  
  75  6:13  Drone  
  75  6:15  Extractor x2  
  75  6:19  Baneling Nest  
  75  6:28  Roach  
  75  6:29  Drone x3  
  80  6:34  Roach x2  
  80  6:37  Overlord x2  
  80  6:38  Roach x5  
  94  6:44  Overlord x2  
  94  6:46  Drone  
  93  6:49  Roach x2  
  93  6:54  Roach  
  97  6:56  Roach  
  97  6:57  Roach  
  96  7:02  Roach  
  85  7:20  Mutalisk x10  
  103  7:32  Queen, Drone x3  
  104  7:57  Mutalisk x4  
  104  7:58  Mutalisk x2  
  114  7:59  Drone x3  
  114  8:04  Overlord, Infestation Pit  
  114  8:05  Overlord x2  
  111  8:09  Overseer  
  111  8:26  Roach x4  
  111  8:27  Roach  
  121  8:28  Extractor  
  121  8:30  Extractor  
  118  8:52  Hatchery  
Show
View Real Time Build Order
Export as new Build Order

CMStormPolt Terran - Winner!

Build Orders: Reaper Expand, MMM Bio 

Get SALT Encoding   

  12  0:00  SCV  
  13  0:13  SCV  
  14  0:18  Supply Depot  
  14  0:25  SCV  
  15  0:40  SCV  
  15  0:42  Barracks  
  16  0:45  Refinery  
  16  0:52  SCV  
  17  1:04  SCV  
  18  1:16  SCV  
  19  1:28  Orbital Command  
  19  1:29  Reaper  
  20  1:40  Command Center  
  20  1:54  SCV  
  20  1:56  Supply Depot  
  20  2:01  Marine  
  22  2:06  SCV  
  23  2:10  Factory  
  23  2:13  Refinery  
  23  2:18  SCV  
  24  2:22  Barracks Reactor  
  24  2:31  SCV  
  25  2:43  SCV  
  26  2:55  Starport  
  26  2:56  Orbital Command, SCV  
  27  2:58  Factory Tech Lab  
  27  3:00  Marine x2  
  29  3:09  SCV  
  30  3:17  Marine x2  
  32  3:21  Siege Tank, SCV  
  32  3:23  SCV  
  37  3:29  Supply Depot  
  37  3:33  SCV  
  38  3:35  SCV  
  38  3:36  Supply Depot  
  39  3:45  SCV, Medivac  
  39  3:47  SCV  
  43  3:56  Command Center  
  43  3:57  SCV  
  43  3:59  SCV  
  46  4:10  SCV  
  46  4:11  SCV, Marine  
  46  4:12  Stimpack  
  48  4:17  Barracks  
  48  4:20  Barracks  
  48  4:22  SCV  
  48  4:23  SCV  
  50  4:27  Factory Reactor  
  50  4:28  Starport Reactor  
  50  4:29  Marine  
  50  4:31  Refinery  
  51  4:33  Refinery  
  51  4:34  SCV  
  51  4:36  SCV  
  52  4:41  Engineering Bay x2  
  52  4:46  SCV  
  52  4:47  Marine  
  52  4:48  SCV  
  55  4:57  Barracks x2  
  55  4:58  SCV  
  56  5:00  SCV  
  56  5:05  Marine  
  58  5:10  SCV, Marine x2  
  58  5:12  Terran Infantry Weapons Level 1, SCV  
  62  5:14  Terran Infantry Armor Level 1, Factory Reactor  
  62  5:17  Starport Reactor  
  62  5:18  Orbital Command  
  62  5:26  Marine x3  
  62  5:28  Marine x2  
  67  5:33  SCV x2  
  69  5:37  Supply Depot  
  69  5:38  Supply Depot  
  69  5:39  Orbital Command  
  69  5:51  SCV x2  
  69  5:54  Marine x2  
  69  5:55  Marine x2  
  69  5:56  Medivac  
  77  5:57  Barracks Reactor  
  77  5:59  Medivac  
  77  6:00  Widow Mine x2  
  77  6:03  SCV x2  
  85  6:04  SCV  
  85  6:10  Supply Depot x2  
  86  6:13  Combat Shields  
  86  6:19  Marine x7  
  93  6:28  Armory  
  93  6:30  Supply Depot  
  93  6:31  Supply Depot, SCV x3  
  96  6:33  Widow Mine x2  
  96  6:37  Factory  
  100  6:42  Medivac x2  
  100  6:44  SCV x3  
  107  6:51  Marauder  
  107  6:53  Marine x4  
  113  6:57  Marine x3  
  113  6:59  Marine  
  112  7:13  Widow Mine x2  
  115  7:16  SCV x2  
  115  7:17  SCV  
  115  7:19  Refinery  
  117  7:30  Marine x6  
  117  7:31  Marauder  
  117  7:34  Factory Tech Lab  
  117  7:35  Supply Depot x2, Marine x2  
  117  7:36  SCV  
  117  7:37  SCV  
  129  7:39  Medivac x2  
  130  7:58  Marauder, Marine x8  
  127  8:15  Marine x2  
  127  8:16  Marine x6  
  127  8:17  Hellbat x3  
  127  8:19  Marauder  
  141  8:20  Missile Turret  
  141  8:24  Missile Turret  
  141  8:26  Command Center  
  141  8:29  Medivac x2  
  143  8:35  Marine x6  
  143  8:40  Marine  
  149  8:46  Supply Depot  
  149  8:47  Supply Depot  
  149  8:49  Supply Depot  
Tags
 
Add a new tag
Caveats
  • Supply blocks, unpowered buildings, or Contaminate may cause inaccurate times.
  • Supply counts are checked every 10 seconds.